 Dungeon Crawl Stone Soup version 0.28.0-47-ge53b351184 (webtiles) character file.

Game seed: 15774890578269970712

27 Zeld the Conjurer (level 2, 0/23 HPs)
             Began as a Draconian Conjurer on Apr 29, 2022.
             Succumbed to an adder's poison
             ... on level 2 of the Dungeon.
             The game lasted 00:01:48 (689 turns).

Zeld the Conjurer (Draconian Conjurer)               Turns: 689, Time: 00:01:49

Health: 0/23       AC:  4    Str:  9    XL:     2   Next: 93%
Magic:  0/5        EV: 12    Int: 18    God:
Gold:   35         SH:  0    Dex:  9    Spells: 4/5 levels left

rFire   . . .      SeeInvis .   (no weapon)
rCold   . . .      Faith    .   (no shield)
rNeg    . . .      Spirit   .   (armour unavailable)
rPois   .          Reflect  .   (helmet restricted)
rElec   .          Harm     .   (no cloak)
rCorr   .          Rampage  .   (no gloves)
Will    .....                   (no boots)
Stlth   ++........              (no amulet)
HPRegen 0.07/turn               (no ring)
MPRegen 0.09/turn               (no ring)

@: lethally poisoned (0 -> -2)
A: AC +4, unfitting armour, cold-blooded
a: no special abilities


You were on level 2 of the Dungeon.
You visited 1 branch of the dungeon, and saw 2 of its levels.

You collected 35 gold pieces.

Inventory:

Scrolls
 b - a scroll of summoning {unknown}
Potions
 a - a potion of degeneration {unknown}
 c - a potion of curing {unknown}


   Skills:
 * Level 1.3 Fighting
 + Level 2.0 Dodging
 + Level 2.0 Stealth
 * Level 2.3 Spellcasting
 * Level 4.2 Conjurations


You had 4 spell levels left.
You knew the following spells:

 Your Spells              Type           Power      Damage    Failure   Level
a - Magic Dart            Conj           68%        1d6       3%          1

Your spell library contained the following spells:

 Spells                   Type           Power      Damage    Failure   Level
 Searing Ray              Conj           34%        2d5       4%          2
 Dazzling Flash           Conj/Hex       18%        N/A       22%         3
 Fulminant Prism          Conj/Hex       4%         3d6       58%         4
 Iskenderun's Mystic Bla  Conj/Tloc      9%         2d4       58%         4


Dungeon Overview and Level Annotations

Branches:
Dungeon (2/15)

Altars:


Innate Abilities, Weirdness & Mutations

Your plain brown scales are hard. (AC +4)
You cannot fit into any form of body armour.
You are cold-blooded and may be slowed by cold attacks.


Message History

The adder barely misses you.
Casting: Magic Dart (safe; 3% risk of failure)
Confirm with . or Enter, or press ? or * to list all spells.
Aiming: Magic Dart (safe; 3% risk of failure)
Press: ? - help, Shift-Dir - straight line, f/p - adder
Aim: an adder (moderately wounded, 100% to hit)
The magic dart hits the adder.
The adder is heavily wounded.
You feel sick. The adder bites you.
You are more poisoned.
The adder poisons you!
Casting: Magic Dart (safe; 3% risk of failure)
Confirm with . or Enter, or press ? or * to list all spells.
Aiming: Magic Dart (safe; 3% risk of failure)
Press: ? - help, Shift-Dir - straight line, f/p - adder
Aim: an adder (heavily wounded, 100% to hit)
The magic dart hits the adder.
The adder is almost dead.
You feel sick. The adder bites you.
* * * LOW HITPOINT WARNING * * *
Casting: Magic Dart (safe; 3% risk of failure)
Confirm with . or Enter, or press ? or * to list all spells.
You don't have enough magic to cast this spell.
Unknown command.
Unknown command.
You hit the adder but do no damage.
The adder is almost dead.
* * * LOW HITPOINT WARNING * * *
You feel sick. The adder bites you.
* * * LOW HITPOINT WARNING * * *
The adder misses you.
Unknown command.
* * * LOW HITPOINT WARNING * * *
You feel sick.
* * * LOW HITPOINT WARNING * * *
You feel sick.
* * * LOW HITPOINT WARNING * * *
You feel sick.
The kobold throws a stone.
The stone hits you but does no damage.
You die...

#..... #.# #.... ....
#.# #..# #.). #.# #.)#
#..### #.# #..########
#....# #.#
###...÷...... ## #...#
#.# #....#######. ..
#...## ####.####.####
###.
#.###..####.S.@......#
#...
#...†.wwK..#..####.[#
#.## ##
###..#####.#.## #).#
#.# w..#..#.# #.#.#
#..# #.# #)w##.# #.#.#
#..#######.## #.##..#
#.#.# #....(.......
..# ..# #.#.#
#.########.## #.# ##..
..... ..# #.# .# ...
... #######.#


You could see a worm, an adder, a dart slug and a kobold.

Vanquished Creatures
  An adder (D:2)
  2 endoplasms (D:2)
  A giant cockroach (D:2)
  4 goblins
  A hobgoblin (D:2)
  A quokka (D:1)
  A bat (D:2)
  2 frilled lizards (D:1)
  2 kobolds (D:1)
  2 rats (D:2)
17 creatures vanquished.

Notes
Turn   | Place    | Note
-------+----------+-------------------------------------------
     0 | D:1      | Zeld the Draconian Conjurer began the quest for the Orb.
     0 | D:1      | Reached XP level 1. HP: 14/14 MP: 3/3
   339 | D:2      | Reached XP level 2. HP: 22/22 MP: 1/5
   363 | D:2      | Reached skill level 1 in Fighting
   687 | D:2      | HP: 1/23 [poisoned by an adder]
   689 | D:2      | Succumbed to an adder's poison

Illustrated notes

Levels and vault maps discovered:
D:1:      minmay_arrival_stair_chambers, layout_basic
D:2:      layout_loops_ring, hellmonk_ecumenical_altar_run_dry,
          minmay_pentomino_pile

Skill      XL: |  1  2 |
---------------+-------+-----
Fighting       | 1 |  1.3
Dodging        | 2 |  2.0
Stealth        | 2 |  2.0
Spellcasting   | |  2.3
Conjurations   | |  4.2

Action                   || total
-------------------------++-------
Melee: Unarmed           ||    50
       Tailslap          ||     7
 Cast: Magic Dart        ||    28
Armor: Skin              ||    20
Dodge: Dodged            ||    48
